 Dungeon Crawl Stone Soup version 0.28.0-43-g3370ac3207 (webtiles) character file.

Game seed: 4495112206956628450

312 MariaPascua the Bolt Thrower (level 6, -2/47 HPs)
             Began as a Human Hunter on Mar 19, 2022.
             Was an Initiate of the Shining One.
             Slain by an iguana (5 damage)
             ... on level 5 of the Dungeon.
             The game lasted 00:26:34 (3352 turns).

MariaPascua the Bolt Thrower (Human Hunter)         Turns: 3352, Time: 00:26:35

Health: -2/47      AC:  5    Str: 13    XL:     6   Next: 70%
Magic:  2/16       EV: 12    Int: 13    God:    the Shining One [......]
Gold:   167        SH:  5    Dex: 13    Spells: 4/7 levels left

rFire   . . .      SeeInvis +   e - +0 short sword (flame)
rCold   . . .      Faith    .   (no shield)
rNeg    . . .      Spirit   .   c - +0 leather armour
rPois   .          Reflect  +   j - +2 hat
rElec   .          Harm     .   p - scarf {+Inv}
rCorr   .          Rampage  .   (no gloves)
Will    .....                   (no boots)
Stlth   +.........              v - amulet of reflection
HPRegen 0.15/turn               h - ring of see invisible
MPRegen 0.15/turn               d - ring of magical power

@: about to teleport, glowing
A: MP-powered wands
a: Renounce Religion, Evoke Invisibility


You were on level 5 of the Dungeon.
You worshipped the Shining One.
The Shining One was noncommittal.
You visited 2 branches of the dungeon, and saw 6 of its levels.

You collected 167 gold pieces.

Inventory:

Hand Weapons
 a - a +1 hand crossbow
 e - a +0 short sword of flaming (weapon)
 g - a +0 hunting sling
Missiles
 i - 16 arrows
 r - 14 sling bullets
 s - 3 javelins
 w - 5 curare-tipped darts
Armour
 c - a +0 leather armour (worn)
 j - a +2 hat (worn)
 p - a scarf of invisibility (worn)
Jewellery
 d - a ring of magical power (right hand)
 h - a ring of see invisible (left hand)
 v - an amulet of reflection (around neck)
Wands
 m - a wand of acid (3)
Scrolls
 f - 2 scrolls of teleportation
 k - a scroll of brand weapon {unknown}
 o - a scroll of vulnerability
 t - a scroll of amnesia
 u - a scroll of immolation
Potions
 b - a potion of might {unknown}
 l - a potion of brilliance {unknown}
 n - 2 potions of lignification {unknown}


   Skills:
 * Level 3.0 Fighting
 * Level 2.0 Short Blades
 + Level 4.7 Crossbows
 * Level 1.3 Armour
 * Level 2.5 Dodging
 * Level 1.8 Stealth
 * Level 1.5 Unarmed Combat
 * Level 1.0 Spellcasting
 * Level 1.2 Hexes
 * Level 1.1 Necromancy
 * Level 1.1 Invocations
 * Level 0.3 Evocations


You had 4 spell levels left.
You knew the following spells:

 Your Spells              Type           Power      Damage    Failure   Level
a - Slow                  Hex            12%        N/A       22%         1
b - Pain                  Necr           12%        1d4       22%         1
c - Animate Skeleton      Necr           6%         N/A       22%         1

Your spell library contained the following spells:

 Spells                   Type           Power      Damage    Failure   Level
 Confusing Touch          Hex            3%         N/A       54%         3
 Vampiric Draining        Necr           3%         2d6       56%         3
 Iskenderun's Battlesphe  Conj           0%         2d6       100%        5
 Iron Shot                Conj/Erth      0%         9d1       100%        6
 Spellforged Servitor     Conj/Summ      0%         N/A       100%        7


Dungeon Overview and Level Annotations

Branches:
Dungeon (5/15)             Temple (1/1) D:4

Altars:
Ashenzari
Cheibriados
Elyvilon
Fedhas
Hepliaklqana
Kikubaaqudgha
Makhleb
Nemelex Xobeh
Okawaru
Ru
Uskayaw
Vehumet
Wu Jian
Xom
Yredelemnul
Zin
The Shining One
Lugonu


Innate Abilities, Weirdness & Mutations

You expend magic power (3 MP) to strengthen your wands.


Message History

You feel a surge of power!
The bolt of acid hits the tentacled starspawn.
The acid corrodes the tentacled starspawn!
The tentacled starspawn is lightly damaged.
A tentacle flies out from the starspawn's body!
A starspawn tentacle comes into view.
Your +0 short sword of flaming bursts into flame!
e - a +0 short sword of flaming (weapon)
You barely miss the tentacled starspawn.
The tentacled starspawn is lightly damaged.
The tentacled starspawn bites you.
The tentacled starspawn tentacle-slaps you!
You hit the tentacled starspawn. You burn the tentacled starspawn.
The tentacled starspawn is lightly damaged.
The tentacled starspawn bites you!
* * * LOW HITPOINT WARNING * * *
You block the tentacled starspawn's attack.
The starspawn tentacle closely misses you.
Aiming: Corrosive Bolt
Press: ? - help, Shift-Dir - straight line, f/p - tentacled starspawn
Aim: a tentacled starspawn (lightly damaged, durably summoned, covered in acid, 90% to hit)
You feel a slight surge of power.
The bolt of acid hits the tentacled starspawn!
The tentacled starspawn seems to be corroded for longer.
The tentacled starspawn is moderately damaged.
The bolt of acid hits the starspawn tentacle segment!
The acid corrodes the starspawn tentacle segment!
The starspawn tentacle segment is severely damaged.
You block the tentacled starspawn's attack.
The tentacled starspawn tentacle-slaps you!
* * * LOW HITPOINT WARNING * * *
The starspawn tentacle closely misses you.
As you read the scroll of teleportation, it crumbles to dust.
You feel strangely unstable.
The tentacled starspawn closely misses you.
The tentacled starspawn tentacle-slaps you.
* * * LOW HITPOINT WARNING * * *
The starspawn tentacle barely misses you.
The iguana bites you.
You die...

#.#....##....(..#..#...
###....#................
#.....................
#.....................
##....................
#...[......Λ.##.....
..........#│Λ......
#>......#X#......
##......#@#│.....
#...#...l.w......
##..#............ #..
#....?....... ##
#.........?..
..............
#..............
...............


You could see a tentacled starspawn (corroded), a starspawn tentacle and an
iguana.

Vanquished Creatures
  A small abomination (D:4)
  A sky beast (D:5)
  2 hounds (D:4)
  A jelly (D:3)
  An iguana (D:4)
  2 adders (D:4)
  7 orcs
  5 bats
  10 endoplasms
  3 giant cockroaches
  9 hobgoblins
  2 jackals (D:4)
  10 kobolds
  4 quokkas
  6 ball pythons
  4 frilled lizards
  5 goblins
  3 rats
76 creatures vanquished.

Vanquished Creatures (others)
  3 starspawn tentacles (D:5)
3 creatures vanquished.

Grand Total: 79 creatures vanquished

Notes
Turn   | Place    | Note
-------+----------+-------------------------------------------
     0 | D:1      | MariaPascua the Human Hunter began the quest for the Orb.
     0 | D:1      | Reached XP level 1. HP: 16/16 MP: 1/1
   142 | D:1      | Reached XP level 2. HP: 22/22 MP: 2/2
   266 | D:1      | Learned a level 1 spell: Slow
   487 | D:1      | Reached XP level 3. HP: 27/27 MP: 3/3
   614 | D:1      | Reached skill level 1 in Unarmed Combat
   744 | D:2      | Gained mutation: You expend magic power (3 MP) to
                  | strengthen your wands. [potion of mutation]
   824 | D:2      | Found a faded altar of an unknown god.
   864 | D:2      | Prayed at the altar of an unknown god.
   864 | D:2      | Became a worshipper of Lugonu the Unformed
   864 | D:2      | Reached * piety under Lugonu
   864 | D:2      | Reached ** piety under Lugonu
   885 | D:2      | Learned a level 1 spell: Pain
   901 | D:2      | Found an iron altar of Okawaru.
  1069 | D:2      | You fall into a shaft and drop 1 floor!
  1496 | D:3      | Reached XP level 4. HP: 33/33 MP: 4/4
  1760 | D:3      | Found an iron altar of Okawaru.
  1892 | D:3      | Learned a level 1 spell: Animate Skeleton
  1913 | D:3      | Reached XP level 5. HP: 34/38 MP: 5/5
  2289 | D:4      | Reached *** piety under Lugonu
  2290 | D:4      | Reached skill level 1 in Armour
  2290 | D:4      | Reached skill level 1 in Hexes
  2396 | D:4      | Reached skill level 1 in Necromancy
  2396 | D:4      | Reached skill level 1 in Invocations
  2695 | D:4      | Found a staircase to the Ecumenical Temple.
  2723 | Temple   | Entered the Ecumenical Temple
  2860 | Temple   | Fell from the grace of Lugonu
  2860 | Temple   | Became a worshipper of the Shining One
  3007 | D:4      | Reached skill level 1 in Short Blades
  3007 | D:4      | Reached XP level 6. HP: 34/46 MP: 7/7
  3174 | D:4      | Noticed a small abomination
  3181 | D:4      | Killed a small abomination
  3296 | D:5      | Entered Level 5 of the Dungeon
  3309 | D:5      | Noticed a sky beast
  3321 | D:5      | Killed a sky beast
  3322 | D:5      | Reached skill level 1 in Spellcasting
  3327 | D:5      | Noticed a tentacled starspawn
  3352 | D:5      | Slain by an iguana

Illustrated notes

Levels and vault maps discovered:
D:1:      kilobyte_arrival_exit_the_forest, layout_rooms
D:2:      layout_loops_ring, basic_altar, hellmonk_ecumenical_altar_lost_god,
          grunt_decor_junction, minmay_tiny_reverse_x
D:3:      layout_rooms, mainiacjoe_overflow_surrounded_room
D:4:      layout_gridville, minmay_temple_entry_trees
D:5:      layout_cave_pools
Temple:   mainiacjoe_temple_archimedes_tessellation

Skill      XL: |  1  2  3  4  5  6 |
---------------+-------------------+-----
Unarmed Combat | 1 |  1.5
Armour         | 1 |  1.3
Hexes          | 1 |  1.2
Necromancy     | 1 |  1.1
Invocations    | 1 |  1.1
Short Blades   | 1 2 |  2.0
Fighting       | 3 |  3.0
Spellcasting   | 1 |  1.0
Crossbows      | |  4.7
Dodging        | |  2.5
Stealth        | |  1.8
Evocations     | |  0.3

Action                   |  1- 3 |  4- 6 || total
-------------------------+-------+-------++-------
Melee: Short sword       |    14 |    56 ||    70
 Fire: Hand crossbow     |    61 |    53 ||   114
       Hunting sling     |       |     2 ||     2
 Cast: Pain              |     1 |     5 ||     6
       Slow              |     1 |     1 ||     2
Invok: Bend Space        |     1 |     2 ||     3
Evoke: Wand              |       |     6 ||     6
  Use: Scroll            |     6 |     4 ||    10
       Potion            |     1 |       ||     1
Armor: Leather armour    |     6 |    22 ||    28
Dodge: Dodged            |    17 |    41 ||    58
Block: Other             |       |     4 ||     4
